 Dungeon Crawl Stone Soup version 0.28.0-45-g0d030f2227 (webtiles) character file.

Game seed: 108006487634141975

17875 pkoi the Destroyer (level 11, -2/88 HPs)
             Began as a Demigod Conjurer on Apr 13, 2022.
             Slain by a boulder beetle (19 damage)
             ... on level 2 of the Lair of Beasts.
             The game lasted 00:27:36 (18008 turns).

pkoi the Destroyer (Demigod Conjurer)              Turns: 18008, Time: 00:27:37

Health: -2/88      AC: 14    Str:  8    XL:     11   Next: 96%
Magic:  2/35       EV: 14    Int: 32    God:
Gold:   780        SH:  0    Dex: 12    Spells: 13/24 levels left

rFire   . . .      SeeInvis .   e - +1 short sword (flame)
rCold   . . .      Faith    .   (no shield)
rNeg    . . .      Spirit   .   w - +1 steam dragon scales
rPois   .          Reflect  .   (no helmet)
rElec   .          Harm     .   g - +0 cloak
rCorr   .          Rampage  .   z - +0 pair of gloves
Will    +....                   u - +1 pair of boots
Stlth   ++........              (no amulet)
HPRegen 0.24/turn               m - +4 ring of protection
MPRegen 0.24/turn               h - ring of magical power

@: no status effects
A: high MP 1, forlorn, divine attributes
a: no special abilities


You were on level 2 of the Lair of Beasts.
You visited 3 branches of the dungeon, and saw 13 of its levels.
You also visited: Bailey.

You collected 780 gold pieces.

Inventory:

Hand Weapons
 e - a +1 short sword of flaming (weapon)
Missiles
 a - 2 curare-tipped darts
Armour
 g - a +0 cloak (worn)
 u - a +1 pair of boots (worn)
 w - +1 steam dragon scales (worn)
 z - a +0 pair of gloves (worn)
Jewellery
 b - a +6 ring of intelligence
 c - a ring of protection from fire
 d - a ring of flight
 h - a ring of magical power (right hand)
 k - a ring of ice
 m - a +4 ring of protection (left hand)
 t - a ring of resist corrosion
Wands
 p - a wand of paralysis (6)
 B - a wand of flame (7)
 C - a wand of acid (6)
Scrolls
 j - 4 scrolls of fear
 l - 5 scrolls of enchant weapon
 o - 4 scrolls of magic mapping
 r - 2 scrolls of fog
 s - a scroll of identify
 v - 9 scrolls of teleportation
 y - a scroll of brand weapon
Potions
 f - 2 potions of ambrosia
 i - 3 potions of curing
 n - a potion of magic
 q - a potion of invisibility
 x - a potion of cancellation
 A - a potion of heal wounds
 D - 2 potions of might


   Skills:
 + Level 5.5 Fighting
 + Level 6.0 Dodging
 - Level 1.7 Stealth
 + Level 7.3 Spellcasting
 + Level 9.3 Conjurations
 + Level 8.4 Hexes
 + Level 9.0 Translocations


You had 13 spell levels left.
You knew the following spells:

 Your Spells              Type           Power      Damage    Failure   Level
a - Magic Dart            Conj           100%       1d8       1%          1
b - Searing Ray           Conj           100%       2d8       1%          2
c - Iskenderun's Mystic   Conj/Tloc      63%        2d13      1%          4
d - Fulminant Prism       Conj/Hex       31%        3d16      1%          4

Your spell library contained the following spells:

 Spells                   Type           Power      Damage    Failure   Level
 Slow                     Hex            100%       N/A       1%          1
 Blink                    Tloc           100%       N/A       1%          2
 Ensorcelled Hibernation  Hex/Ice        76%        N/A       1%          2
 Confusing Touch          Hex            60%        N/A       1%          3
 Dazzling Flash           Conj/Hex       100%       N/A       1%          3
 Gell's Gravitas          Tloc           63%        N/A       1%          3
 Teleport Other           Tloc           63%        N/A       1%          3
 Summon Guardian Golem    Hex/Summ       38%        N/A       2%          3
 Manifold Assault         Tloc           63%        N/A       2%          5
 Summon Small Mammal      Summ           44%        N/A       4%          1
 Anguish                  Hex/Necr       19%        N/A       7%          4
 Call Canine Familiar     Summ           11%        N/A       12%         3
 Spider Form              Tmut/Pois      11%        N/A       12%         3
 Vampiric Draining        Necr           11%        2d6       12%         3
 Dispersal                Tloc           31%        N/A       16%         6
 Storm Form               Tmut/Air       5%         N/A       100%        7


Dungeon Overview and Level Annotations

Branches:
Dungeon (10/15)            Temple (1/1) D:5            Lair (2/6) D:10
 Bailey (visited)
  Swamp: Lair:2-4    Shoals: Lair:2-4     Snake: Lair:2-4    Spider: Lair:2-4
    Orc: D:9-12

Shops:
D:2 [?(   D:8 ?


Innate Abilities, Weirdness & Mutations

You have an increased reservoir of magic. (+10% MP)
You shall have no god before yourself.
Your divine heritage dramatically boosts your attributes as you level up.


Message History

You conjure a prism of explosive energy!
A fulminant prism comes into view.
The wolf bites you.
* * * LOW HITPOINT WARNING * * *
The boulder beetle barely misses you. The wolf barely misses you.
Unknown command.
Casting: Fulminant Prism (mildly dangerous; 1% risk of failure)
Confirm with . or Enter, or press ? or * to list all spells.
You erupt in a blast of force!
The mystic blast hits the wolf!
You kill the wolf!
The mystic blast hits the wolf.
You kill the wolf!
The mystic blast hits the boulder beetle.
The boulder beetle is moderately wounded.
The boulder beetle bites you!
* * * LOW HITPOINT WARNING * * *
Your fulminant prism crackles loudly.
Your Dodging skill increases to level 6!
Unknown command.
Unknown command.
Casting: Iskenderun's Mystic Blast (mildly dangerous; 1% risk of failure)
Confirm with . or Enter, or press ? or * to list all spells.
You erupt in a blast of force!
The mystic blast hits the boulder beetle!
The boulder beetle is heavily wounded.
The boulder beetle barely misses you.
Your fulminant prism explodes!
The blast of energy engulfs the wolf!
The wolf is severely wounded.
The blast of energy engulfs the boulder beetle!!
The boulder beetle is almost dead.
Unknown command.
Casting: Iskenderun's Mystic Blast (mildly dangerous; 1% risk of failure)
Confirm with . or Enter, or press ? or * to list all spells.
You erupt in a blast of force!
The mystic blast hits the wolf!!
You kill the wolf!
The mystic blast hits the boulder beetle but does no damage.
The boulder beetle is almost dead.
The boulder beetle bites you!!
You die...

#...P....# #### P..
#.......## #...###..
#..(P...# .........
#...#...# .........
##...#.†.# .........
#....#..†# #...
##.......# ##..
##....††B# ##..
#....#..@# #...## #P..
##...#...# ....P# #...
##.......###....# ##..
#........#.#....# #..
##(...P........P# ##..
#...PP........# #...
#....P........# ##..
#.....†.......# #..
##.......###...########<.


You could see a boulder beetle.

Vanquished Creatures
  Erolcha (D:9)
  A boulder beetle (D:10)
  4 hydras
  Pikel (D:9)
  An orc knight (Bailey)
  A deep elf pyromancer (Bailey)
  A cyclops (D:8)
  4 cane toads (Lair:1)
  2 black mambas (Lair:2)
  An unseen horror (D:6)
  A komodo dragon (D:10)
  2 trolls
  A hornet (D:9)
  Grinder (D:6)
  A shadow (D:9)
  Sigmund (D:3)
  3 wyverns
  2 steam dragons
  Grum (D:9)
  3 yaks (D:9)
  5 water moccasins (Lair:1)
  An acid dragon (D:9)
  9 orc warriors
  An ice beast (D:8)
  2 sky beasts
  3 black bears
  A necrophage (D:6)
  7 ogres
  4 centaurs
  16 wolves
  2 phantoms
  3 kobold brigands
  2 lemures (D:9)
  11 bullfrogs
  3 scorpions
  An electric eel (Lair:1)
  18 wights
  5 howler monkeys
  4 hounds
  3 centaur zombies
  2 jellies (D:5)
  2 centaur skeletons
  5 orc priests
  A bullfrog skeleton (D:5)
  4 iguanas
  A gnoll shaman (D:4)
  5 orc wizards
  A hound skeleton (D:4)
  A hound zombie (D:5)
  3 howler monkey zombies
  5 gnolls (D:4)
  10 adders
  A shadow imp (D:5)
  A white imp (D:6)
  2 ufetubi
  An adder skeleton (D:4)
  A worm (D:3)
  A dart slug (D:2)
  23 orcs
  7 endoplasms
  3 giant cockroaches
  20 goblins
  4 hobgoblins
  8 jackals
  19 kobolds
  7 ball pythons
  6 bats
  4 frilled lizards
  5 rats
  2 fulminant prisms
289 creatures vanquished.

Vanquished Creatures (others)
  105 fulminant prisms
  45 fungi
  51 plants
201 creatures vanquished.

Grand Total: 490 creatures vanquished

Notes
Turn   | Place    | Note
-------+----------+-------------------------------------------
     0 | D:1      | pkoi the Demigod Conjurer began the quest for the Orb.
     0 | D:1      | Reached XP level 1. HP: 14/14 MP: 5/5
   711 | D:1      | Reached XP level 2. HP: 20/20 MP: 4/7
  1618 | D:2      | Learned a level 2 spell: Searing Ray
  1697 | D:2      | Found Cocaocku's Magic Scroll Shoppe.
  1902 | D:2      | Found Waif's Weapon Shop.
  1916 | D:2      | Identified the +0 ring mail "Jesouc" {Str-5 Int+4 Dex+4
                  | Slay+3}
  2101 | D:2      | Reached XP level 3. HP: 26/26 MP: 5/8
  2370 | D:2      | Found Gigif's Antique Armour Shop.
  2801 | D:3      | Noticed Sigmund
  2986 | D:3      | Reached skill level 5 in Conjurations
  3232 | D:3      | Reached XP level 4. HP: 23/33 MP: 10/10
  3320 | D:3      | Learned a level 4 spell: Iskenderun's Mystic Blast
  3685 | D:3      | Reached skill level 1 in Translocations
  3839 | D:3      | Reached XP level 5. HP: 38/38 MP: 11/11
  3897 | D:3      | Found Hateeta's General Store.
  4135 | D:3      | Killed Sigmund
  4136 | D:3      | Reached XP level 6. HP: 45/45 MP: 13/13
  4181 | D:4      | Learned a level 4 spell: Fulminant Prism
  4227 | D:4      | Reached skill level 1 in Hexes
  4941 | D:4      | Reached XP level 7. HP: 50/50 MP: 15/15
  5661 | D:5      | Entered Level 5 of the Dungeon
  5661 | D:5      | Found a staircase to the Ecumenical Temple.
  5667 | Temple   | Entered the Ecumenical Temple
  6218 | D:5      | Reached XP level 8. HP: 57/57 MP: 4/17
  6747 | D:5      | Reached skill level 5 in Translocations
  7577 | D:6      | Killed an unseen horror
  7578 | D:6      | Reached skill level 5 in Hexes
  7836 | D:6      | Reached XP level 9. HP: 62/62 MP: 19/19
  8497 | D:6      | Noticed Grinder
  8503 | D:6      | Killed Grinder
  8504 | D:6      | Reached skill level 5 in Spellcasting
  8907 | D:7      | Identified the +1 leather armour of Wrong Decisions {-Tele
                  | Rampage rElec rF++}
  9171 | D:7      | Reached skill level 1 in Fighting
 10140 | D:8      | Found a flagged portal.
 10149 | Bailey   | Entered a bailey
 10298 | Bailey   | Noticed an orc knight
 10461 | Bailey   | Reached XP level 10. HP: 73/73 MP: 22/22
 10463 | Bailey   | Killed an orc knight
 10530 | Bailey   | Found a large runed translucent door.
 10530 | Bailey   | Found a large runed translucent door.
 10531 | Bailey   | Noticed a deep elf pyromancer
 10605 | Bailey   | Killed a deep elf pyromancer
 10784 | Bailey   | Identified the +2 hunting sling of Impatience {vorpal,
                  | Str+5}
 11338 | D:8      | Noticed a cyclops
 11353 | D:8      | Killed a cyclops
 11772 | D:8      | Found Kofif's Magic Scroll Boutique.
 12084 | D:9      | Noticed Grum
 12090 | D:9      | Killed Grum
 12224 | D:9      | Noticed Pikel
 12232 | D:9      | Killed Pikel
 13048 | D:9      | Noticed Erolcha
 13114 | D:9      | Killed Erolcha
 13115 | D:9      | Reached XP level 11. HP: 84/84 MP: 13/24
 13405 | D:10     | Entered Level 10 of the Dungeon
 14001 | D:10     | Found a staircase to the Lair.
 14012 | D:10     | Noticed a boulder beetle
 14346 | D:10     | Killed a boulder beetle
 14347 | D:10     | Reached skill level 5 in Dodging
 14963 | Lair:1   | Entered Level 1 of the Lair of Beasts
 14963 | Lair:1   | Noticed a four-headed hydra
 15000 | D:10     | Killed a four-headed hydra
 15513 | Lair:1   | Noticed a seven-headed hydra
 15522 | Lair:1   | Killed a seven-headed hydra
 15523 | Lair:1   | Reached skill level 5 in Fighting
 16265 | Lair:1   | Noticed a four-headed hydra
 16272 | Lair:1   | Killed a four-headed hydra
 17267 | Lair:2   | Noticed a six-headed hydra
 17277 | Lair:2   | Killed a six-headed hydra
 17984 | Lair:2   | Noticed a boulder beetle
 18008 | Lair:2   | Slain by a boulder beetle

Illustrated notes

Levels and vault maps discovered:
D:1:      amcnicky_arrival_double_pillar, layout_basic,
          nicolae_ecumenical_lake_church
D:2:      layout_loops_corners, serial_shops, shop_fountains, shop_fountains,
          nicolae_shop_behind_doors
D:3:      minmay_skewed_foursquare, layout_basic,
          nicolae_qazlal_eye_of_the_storm, serial_shops, shop, uniq_sigmund
D:4:      layout_cave_pods, grunt_ministairs_1, minmay_ogre_servants
D:5:      layout_loops_cross, minmay_temple_entry_drinking_statues
D:6:      layout_rooms, uniq_grinder
D:7:      layout_basic, mainiacjoe_overflow_alcove_2, kennysheep_mini,
          minivault_26, eino_curves_02, serial_bayou_crossing
D:8:      layout_cave_pools, serial_shops, nicolae_shop_statue_plus,
          enter_bailey_3, kennysheep_generic_room_7
D:9:      layout_irregular_city, hangedman_decor_opposing, uniq_pikel,
          uniq_erolcha, uniq_grum
D:10:     layout_irregular_city, kennysheep_little_box,
          due_lair_maze_entry_diamond
Temple:   compressed_dpeg_circular_temple
Lair:1:   layout_roguey, serial_bayou_shore_a, grunt_megastairs_1
Lair:2:   layout_long_grid, infiniplex_staircase_pool_2, uniq_sonja

Skill      XL: |  1  2  3  4  5  6  7  8  9 10 11 |
---------------+----------------------------------+-----
Conjurations   | 4 5 6 7 8 9 |  9.3
Spellcasting   | 2 3 4 5 6 7 |  7.3
Translocations | 1 2 3 4 6 7 8 9 |  9.0
Hexes          | 2 3 5 6 7 8 |  8.4
Dodging        | 2 4 6 |  6.0
Fighting       | 2 4 5 |  5.5
Stealth        | |  1.7

Action                   |  1- 3 |  4- 6 |  7- 9 | 10-12 || total
-------------------------+-------+-------+-------+-------++-------
Melee: Short sword       |    16 |       |     4 |    36 ||    56
       Punch             |     1 |       |       |     1 ||     2
 Cast: Magic Dart        |    88 |    60 |   125 |   116 ||   389
       Searing Ray       |     1 |    10 |     1 |       ||    12
       Iskenderun's Myst |       |       |    49 |   104 ||   153
       Fulminant Prism   |       |       |    39 |    68 ||   107
Evoke: Wand              |       |       |       |     3 ||     3
  Use: Scroll            |     5 |       |    11 |     1 ||    17
       Potion            |       |       |     1 |     7 ||     8
 Stab: Paralysed         |       |       |       |    10 ||    10
       Sleeping          |       |       |       |     1 ||     1
Armor: Robe              |     8 |     1 |     2 |       ||    11
       Steam dragon scal |       |       |     4 |    41 ||    45
Dodge: Dodged            |    20 |     7 |    38 |    80 ||   145
